 Dungeon Crawl Stone Soup version 0.24.0-123-gd5b16e6ec5 (webtiles) character file.

Game seed: 8228372827403769773, levelgen mode: deterministic

921 FishyPogo the Covered (level 7, 0/55 HPs)
             Began as a Demonspawn Chaos Knight on Feb 8, 2020.
             Was a Plaything of Xom.
             Slain by a worker ant (4 damage)
             ... on level 4 of the Dungeon.
             The game lasted 00:11:48 (3305 turns).

FishyPogo the Covered (Demonspawn Chaos Knight)     Turns: 3305, Time: 00:11:48

Health: 0/55       AC:  6    Str: 14    XL:     7   Next: 84%
Magic:  8/8        EV: 15    Int: 14    God:    Xom [....*.]
Gold:   304        SH:  5    Dex: 16    Spells: 6/6 levels left

rFire    . . .     SeeInvis .   a - +0 short sword (chaos)
rCold    + . .     Gourm    .   j - +0 buckler
rNeg     . . .     Faith    .   s - +0 ring mail (curse)
rPois    +         Spirit   .   (helmet restricted)
rElec    .         Reflect  .   (no cloak)
rCorr    +         Harm     .   (no gloves)
MR       +....                  (no boots)
Stlth    +.........             (no amulet)
HPRegen  0.18/turn              n - ring of resist corrosion
MPRegen  0.11/turn              A - ring of protection from magic

@: repel missiles
A: antennae 1, fangs 1, hooves 1, repulsion field 3, agile 2, cold resistance 1,
demonic guardian 1, poison resistance, evolution 1
a: Renounce Religion


You were on level 4 of the Dungeon.
You worshipped Xom.
You were a beloved toy of Xom.
You were hungry.

You visited 1 branch of the dungeon, and saw 4 of its levels.
You also visited: Sewer.

You collected 304 gold pieces.

Inventory:

Hand Weapons
 a - a +0 short sword of chaos (weapon)
Missiles
 l - 185 stones (quivered)
 m - 80 sling bullets
Armour
 b - a +2 leather armour
 j - a +0 buckler (worn)
 r - a +0 crystal plate armour
 s - a cursed +0 ring mail (worn)
Jewellery
 n - a ring of resist corrosion (left hand)
 y - a +2 ring of protection
 A - a ring of protection from magic (right hand)
Wands
 g - a wand of paralysis (7)
Scrolls
 f - 5 scrolls of identify
 i - a scroll of enchant weapon {unknown}
 o - 6 scrolls of teleportation {unknown}
 p - a scroll of enchant armour {unknown}
 u - 4 scrolls of blinking {unknown}
 v - a scroll of fog {unknown}
 x - a scroll of magic mapping {unknown}
Potions
 e - a potion of invisibility {unknown}
 h - 5 potions of might
 k - 2 potions of curing {unknown}
 q - a potion of degeneration {unknown}
 t - a potion of flight {unknown}
 w - 2 potions of heal wounds
 z - a potion of magic {unknown}
Comestibles
 c - 11 rations
 d - 9 chunks of flesh


   Skills:
 + Level 4.6 Fighting
 + Level 4.5 Short Blades
 * Level 4.8 Armour
 - Level 1.0 Dodging
 - Level 4.0 Shields
 + Level 1.9 Evocations


You had 6 spell levels left.
You didn't know any spells.
Your spell library was empty.

Dungeon Overview and Level Annotations

Branches:
Dungeon (4/15)              Sewer (visited)
 Temple: D:4-7

Altars:
Makhleb
Sif Muna
Xom
The Shining One

Annotations:
D:4 Sigmund


Innate Abilities, Weirdness & Mutations

You have large cloven feet.
You are surrounded by a strong repulsion field. (EV +4, RMsl)
A weak demonic guardian rushes to your aid.
You have a pair of small antennae on your head.
You have very sharp teeth.
You are very agile. (Dex +4)
Your flesh is cold resistant. (rC+)
Your system is resistant to poisons. (rPois)
You evolve.


Message History

The puff of flame hits you!
* * * LOW HITPOINT WARNING * * *
You barely miss the orc. Your kick misses the orc. Something hits you.
* * * LOW HITPOINT WARNING * * *
You block the orc's attack.
You closely miss the orc. You kick the orc. You bite the orc, but do no damage.
The orc is heavily wounded.
The orc hits you but does no damage.
You hit the orc but do no damage. Lightning courses through the orc!
You kill the orc!
Something barely misses you.
You hit the orc.
You kill the orc!
You are feeling hungry.
Something hits you.
* * * LOW HITPOINT WARNING * * *
You swap places.
Your white imp disappears in a puff of smoke!
The worker ant bites you.
You die...

##### ###...#########
#...#........@#
####.#...#.#####a#####
....._#.##.####..ยง...#
#........)......#.#
####..#.##.#####.#.#.#
.......#.#.# #.#.#.#
####.......# #.#.#.#
##...#### #.#.#)#
###.##### #.#..)......#


You could see a worker ant.

Vanquished Creatures
  Edmund (D:4)
  2 bullfrogs (Sewer)
  A scorpion (D:4)
  A howler monkey (D:4)
  4 hounds (D:4)
  2 orc priests (D:4)
  3 orc wizards (D:4)
  A hound skeleton (D:4)
  A river rat (shapeshifter) (Sewer)
  12 adders
  5 river rats (Sewer)
  2 oozes
  An adder skeleton (D:4)
  A worm (D:2)
  3 dart slugs
  2 leopard geckos
  9 orcs
  12 ball pythons
  6 giant cockroaches
  8 goblins
  7 hobgoblins
  2 jackals (D:2)
  6 kobolds
  A quokka (D:2)
  13 bats
  2 frilled lizards
  35 rats
143 creatures vanquished.

Vanquished Creatures (collateral kills)
  An ogre (D:2)
  2 adders (D:2)
  An ooze (Sewer)
  An orc (D:4)
  3 ball pythons (Sewer)
  A frilled lizard (Sewer)
  A kobold (D:2)
10 creatures vanquished.

Grand Total: 153 creatures vanquished

Notes
Turn   | Place    | Note
-------+----------+-------------------------------------------
     0 | D:1      | FishyPogo the Demonspawn Chaos Knight began the quest for
                  | the Orb.
     0 | D:1      | Reached XP level 1. HP: 18/18 MP: 1/1
    37 | D:1      | Reached skill level 1 in Dodging
    37 | D:1      | Gained mutation: You are surrounded by a mild repulsion
                  | field. (EV +2) [demonic ancestry]
    37 | D:1      | Reached XP level 2. HP: 22/24 MP: 2/2
    92 | D:1      | XOM: harmless Necr miscast
   119 | D:1      | XOM: divination: detect items
   664 | D:2      | Gained mutation: A weak demonic guardian rushes to your
                  | aid. [demonic ancestry]
   664 | D:2      | Reached XP level 3. HP: 29/29 MP: 3/3
   696 | D:2      | XOM: smoke on damage
   705 | D:1      | XOM: smoke on damage
   707 | D:1      | XOM: potion effect (might)
   709 | D:1      | Reached skill level 1 in Shields
   944 | D:1      | XOM: harmless Tmut miscast
  1147 | D:2      | Gained mutation: You are surrounded by a moderate repulsion
                  | field. (EV +3) [demonic ancestry]
  1147 | D:2      | Reached XP level 4. HP: 20/35 MP: 4/4
  1411 | D:2      | Noticed an ogre
  1416 | D:2      | Killed an ogre
  1416 | D:2      | Gained mutation: You are surrounded by a strong repulsion
                  | field. (EV +4, RMsl) [demonic ancestry]
  1416 | D:2      | Reached XP level 5. HP: 32/42 MP: 5/5
  1483 | D:2      | XOM: harmless Erth miscast
  1618 | D:2      | XOM: harmless Fire miscast
  1634 | D:2      | XOM: harmless Summ miscast
  2049 | D:3      | XOM: divination: magic mapping
  2257 | D:3      | Found a shimmering blue altar of Sif Muna.
  2409 | D:4      | XOM: potion effect (might)
  2429 | D:4      | Gained mutation: You have large cloven feet. [demonic
                  | ancestry]
  2429 | D:4      | Reached XP level 6. HP: 33/48 MP: 6/6
  2468 | D:4      | XOM: potion effect (haste)
  2501 | D:4      | Found a glowing drain.
  2515 | Sewer    | Entered a sewer
  2733 | Sewer    | XOM: give mutations
  2733 | Sewer    | Gained mutation: Your system is resistant to poisons.
                  | (rPois) [Xom's grace]
  2733 | Sewer    | Gained mutation: You have a pair of small antennae on your
                  | head. [Xom's grace]
  2733 | Sewer    | Gained mutation: You evolve. [Xom's grace]
  2821 | Sewer    | XOM: god gift: wand of paralysis (7)
  2835 | Sewer    | Reached XP level 7. HP: 25/54 MP: 7/7
  2880 | Sewer    | Gained mutation: You are agile. (Dex +2) [evolution]
  2939 | D:4      | Reached skill level 1 in Evocations
  3098 | D:4      | Noticed Edmund
  3136 | D:4      | Killed Edmund
  3195 | D:4      | Found a burning altar of Makhleb.
  3213 | D:4      | XOM: give mutations
  3213 | D:4      | Gained mutation: You are very agile. (Dex +4) [Xom's grace]
  3213 | D:4      | Gained mutation: You have very sharp teeth. [Xom's grace]
  3213 | D:4      | Gained mutation: Your flesh is cold resistant. (rC+) [Xom's
                  | grace]
  3234 | D:4      | XOM: scenery: create altars
  3268 | D:4      | Found a glowing golden altar of the Shining One.
  3268 | D:4      | Noticed Sigmund
  3297 | D:4      | HP: 2/55 [something (4)]
  3305 | D:4      | Slain by a worker ant

Levels and vault maps discovered:
D:1:      onia_arrival_handbag, layout_basic
D:2:      minmay_general_purpose_star, layout_basic, minmay_circle_x
D:3:      layout_basic, led_sif_pool, first_ration
D:4:      layout_loops_ring, makhleb_heckhound_becter,
          nemelex_xobeh_ov_fountains_minmay, nicolae_overflow_crystal_walls,
          portal_sewer_entry_d, uniq_edmund, uniq_sigmund

Skill      XL: |  1  2  3  4  5  6  7 |
---------------+----------------------+-----
Short Blades   | 3 4 |  4.5
Dodging        | 1 |  1.0
Armour         | 2 3 4 |  4.8
Shields        | 1 2 3 4 |  4.0
Fighting       | 4 |  4.6
Evocations     | 1 |  1.9

Action                   |  1- 3 |  4- 6 |  7- 9 || total
-------------------------+-------+-------+-------++-------
Melee: Short sword       |   116 |   272 |    97 ||   485
       Kick              |       |    25 |    27 ||    52
       Bite              |       |       |     9 ||     9
Throw: Stone             |       |     1 |    29 ||    30
  Use: Scroll            |       |     1 |       ||     1
       Potion            |       |     2 |       ||     2
 Stab: Sleeping          |     1 |       |       ||     1
       Petrifying        |       |     2 |       ||     2
       Confused          |       |       |     2 ||     2
  Eat: Chunk             |     1 |     6 |     1 ||     8
Armor: Leather armour    |    46 |    25 |       ||    71
       Ring mail         |       |    42 |    25 ||    67
Dodge: Dodged            |   101 |   199 |    44 ||   344
       Deflected         |       |     1 |     3 ||     4
Block: Buckler           |       |    42 |    23 ||    65
